Map: Orbital Shipyard

Players

beardie

  • Race: Zerg Zerg
  • League: Bronze

SticklerMac - Winner!

  • Race: Zerg Zerg

VOD

Have the link to the VOD?

Description

Time

  • Played on: Aug. 7, 2015, 11:51 p.m.
  • Length: 4:50
Show
View Real Time Build Order
Export as new Build Order

beardie Zerg 

Build Orders: Pool First 

Get SALT Encoding   

  12  0:19  Spawning Pool  
  12  0:21  Extractor  
  10  0:24  Drone  
  11  0:29  Drone  
  11  0:34  Drone  
  13  0:44  Overlord  
  13  0:51  Drone  
  14  1:06  Zergling x2  
  14  1:09  Queen  
  17  1:41  Hatchery  
  17  1:44  Zergling x2  
  17  1:48  Zergling x2  
  18  1:57  Zergling x4  
  20  2:06  Metabolic Boost  
  20  2:15  Overlord  
  20  2:18  Zergling x2  
  21  2:35  Zergling x2  
  21  2:36  Zergling x6  
  25  2:49  Baneling Nest  
  25  2:51  Drone  
  25  2:54  Drone  
  26  3:02  Zergling x4  
  28  3:08  Drone  
  28  3:10  Drone  
  30  3:15  Drone  
  30  3:18  Drone  
  28  3:50  Roach Warren  
  28  3:54  Drone  
  28  3:56  Hatchery  
  28  3:57  Drone  
  28  4:01  Baneling x2  
  28  4:02  Baneling  
  28  4:03  Baneling  
  28  4:08  Drone  
  29  4:11  Drone  
  29  4:16  Drone  
  31  4:19  Drone  
  31  4:22  Drone  
Show
View Real Time Build Order
Export as new Build Order

SticklerMac Zerg - Winner!

Build Orders: Pool First, Zergling Baneling 

Get SALT Encoding   

  12  0:01  Drone  
  13  0:09  Drone  
  14  0:26  Spawning Pool  
  13  0:30  Drone  
  13  0:34  Extractor  
  13  0:36  Drone  
  14  0:45  Overlord  
  14  1:04  Drone x3  
  17  1:15  Drone  
  17  1:16  Queen  
  20  1:26  Overlord  
  20  1:36  Zergling x2  
  21  1:48  Zergling x2  
  22  1:57  Zergling x2  
  22  1:59  Metabolic Boost  
  23  2:10  Hatchery, Drone  
  23  2:20  Zergling x2  
  23  2:21  Baneling Nest  
  23  2:26  Zergling x2  
  24  2:31  Zergling x2  
  24  2:33  Zergling x2  
  26  2:37  Zergling x2  
  26  2:42  Zergling x2  
  28  2:48  Overlord  
  28  3:00  Spine Crawler  
  28  3:03  Zergling x2  
  28  3:10  Drone  
  29  3:13  Baneling x4  
  29  3:23  Zergling x2  
  28  3:40  Baneling x5  
  28  3:41  Zergling x6  
  31  3:50  Zergling x2  
  31  3:51  Zergling x4  
  35  3:55  Drone  
  35  4:04  Zergling x2  
  35  4:05  Zergling x2  
  35  4:07  Zergling x2  
  38  4:18  Drone x3  
  41  4:25  Overlord  
  41  4:29  Drone  
Tags
 
Add a new tag
Caveats
  • Supply blocks, unpowered buildings, or Contaminate may cause inaccurate times.
  • Supply counts are checked every 10 seconds.